 Dungeon Crawl Stone Soup version 0.30-a0-743-gbfdf073431 (webtiles) character file.

Game seed: 12417034968063626998

287 Angani the Slasher (level 6, -15/51 HPs)
             Began as a Meteoran Chaos Knight on Feb 5, 2023.
             Was a Plaything of Xom.
             Demolished by a moth of wrath (glowing shapeshifter) (18 damage)
             ... on level 4 of the Dungeon.
             The game lasted 00:04:39 (978 turns).

Angani the Slasher (Meteoran Chaos Knight)           Turns: 978, Time: 00:04:40

Health: -15/51     AC:  5    Str: 16    XL:     6   Next: 87%
Magic:  7/7        EV: 11    Int: 14    God:    Xom [....*.]
Gold:   82         SH:  0    Dex: 19    Spells: 5/5 levels left

rFire   . . .      SeeInvis .    a - +0 falchion (chaos)
rCold   . . .      Faith    .    (no shield)
rNeg    . . .      Spirit   .    b - +2 leather armour
rPois   .          Reflect  .    (no helmet)
rElec   .          Harm     .    (no cloak)
rCorr   .          Rampage  .    (no gloves)
Will    .....                    (no boots)
Stlth   +                        (no amulet)
HPRegen 0.28/turn                g - +6 ring of dexterity
MPRegen 0.10/turn                (no ring)

@: cleaving, glowing
A: sense surroundings 1, otherworldly, glowing, explore regen
a: Renounce Religion


You were on level 4 of the Dungeon.
You worshipped Xom.
You were a beloved toy of Xom.
You visited 1 branch of the dungeon, and saw 4 of its levels.

You collected 142 gold pieces.
You spent 60 gold pieces at shops.

Inventory:

Hand Weapons
 a - a +0 falchion of chaos (weapon)
Armour
 b - a +2 leather armour (worn)
Jewellery
 g - a +6 ring of dexterity (left hand)
Wands
 d - a wand of flame (18)
Scrolls
 e - a scroll of fear
 f - a scroll of enchant armour
 h - a scroll of magic mapping
Potions
 i - a potion of haste {unknown}
 j - a potion of curing {unknown}
Miscellaneous
 c - a piece from Xom's chessboard (14/15) (quivered)


   Skills:
 - Level 3.2 Fighting
 + Level 6.4 Long Blades
 + Level 5.7 Armour
 - Level 1.2 Dodging


You had 5 spell levels left.
You didn't know any spells.
Your spell library contained the following spells:

 Spells                   Type           Power      Damage    Failure   Level
 Apportation              Tloc           0%         N/A       34%         1
 Necrotise                Necr           0%         1d4       34%         1
 Summon Small Mammal      Summ           0%         N/A       34%         1


Dungeon Overview and Level Annotations

Branches:
Dungeon (4/15) Zot: 1409
 Temple: D:4-7

Altars:
Elyvilon
Gozag

Shops:
D:2 ?


Innate Abilities, Weirdness & Mutations

You passively map a small area around you.
You are easily found by Zot.
You glow in the dark.
You regain HP and MP as you explore.


Message History

You hit the scorpion but do no damage.
The scorpion is severely wounded.
The orc barely misses you.
The scorpion stings you but does no damage.
You hit the scorpion.
The scorpion is poisoned.
The scorpion is almost dead.
You kill the scorpion!
The orc hits you with a +0 club.
Things that are here:
a +0 dagger; a scorpion corpse You slash the orc!
You kill the orc!
There is a stone staircase leading down, spattered with blood here.
Things that are here:
a +0 club; an orc corpse You climb downwards.
You hear a distant splash.
There is a stone staircase leading up, spattered with blood here.
You barely miss the orc priest.
The orc priest hits you with a +0 flail!
* * * LOW HITPOINT WARNING * * *
You hit the orc priest.
The orc priest changes into a glowing shapeshifter!
Xom roars with laughter!
The glowing shapeshifter changes into a deep troll!
You slash the deep troll!
The deep troll is lightly wounded.
You make a move on Xom's chessboard...
The deep troll easily resists.
The deep troll bites you!
* * * LOW HITPOINT WARNING * * *
The deep troll claws you but does no damage. x2
Unknown command.
The deep troll changes into a moth of wrath!
There is a stone staircase leading up, spattered with blood here.
You closely miss the moth of wrath. The moth of wrath closely misses you.
You closely miss the moth of wrath. "Go forth and destroy!"
Your +0 falchion of chaos looks sharp.
The moth of wrath bites you!!
You die...
Xom cackles wildly!

* ..#####......, *
............,, , * ,
,.........#.# ,, *
.........#.# * , #... ,
......[....# #...
...........# ### #...
#.........).###.... , #..
#..........y...........###..
#........#.@.........~..##..
#...................~...##..
#........#........†~~~..##..
#............#.##...~~......
##..........................
......)................#....
*
,......)[....................
.......)....................
...............#............


You could see a moth of wrath shaped shifter.

Vanquished Creatures
  A necrophage (D:3)
  2 scorpions
  4 adders
  6 orcs
  3 endoplasms
  A giant cockroach (D:2)
  3 hobgoblins
  2 jackals (D:1)
  A kobold (D:1)
  A quokka (D:1)
  4 ball pythons
  3 bats
  2 frilled lizards
  2 rats
35 creatures vanquished.

Vanquished Creatures (collateral kills)
  An iguana (D:3)
  A dart slug (D:4)
  2 orcs (D:4)
  An endoplasm (D:3)
  2 goblins (D:3)
  A bat (D:3)
  2 kobolds (D:3)
10 creatures vanquished.

Grand Total: 45 creatures vanquished

Notes
Turn   | Place    | Note
-------+----------+-------------------------------------------
     0 | D:1      | Angani the Meteoran Chaos Knight began the quest for the
                  | Orb.
     0 | D:1      | Reached XP level 1. HP: 19/19 MP: 2/2
   161 | D:1      | XOM: silly message
   201 | D:1      | XOM: silly message
   223 | D:1      | Reached XP level 2. HP: 13/21 MP: 3/3
   343 | D:1      | Reached skill level 4 in Long Blades
   462 | D:2      | Reached XP level 3. HP: 17/28 MP: 4/4
   523 | D:2      | XOM: blink monster(s)
   568 | D:2      | Found Zeun's Magic Scroll Emporium.
   571 | D:2      | Bought a scroll of identify for 20 gold pieces
   571 | D:2      | Bought a scroll of identify for 20 gold pieces
   571 | D:2      | Bought a scroll of identify for 20 gold pieces
   669 | D:3      | Found a white marble altar of Elyvilon.
   672 | D:3      | Reached XP level 4. HP: 38/38 MP: 5/5
   697 | D:3      | Noticed a necrophage
   708 | D:3      | Killed a necrophage
   709 | D:3      | Reached skill level 5 in Long Blades
   709 | D:3      | Reached XP level 5. HP: 29/45 MP: 6/6
   741 | D:3      | Found an opulent altar of Gozag.
   764 | D:3      | XOM: summons friendly quasit
   832 | D:3      | XOM: divination: magic mapping
   892 | D:4      | XOM: summons friendly ufetubus
   898 | D:4      | Reached skill level 6 in Long Blades
   898 | D:4      | Reached skill level 5 in Armour
   898 | D:4      | Reached XP level 6. HP: 38/51 MP: 7/7
   972 | D:4      | an orc priest changed into a glowing shapeshifter
   972 | D:4      | Noticed a glowing shapeshifter (glowing shapeshifter)
   972 | D:4      | a glowing shapeshifter changed into a deep troll
   972 | D:4      | Noticed a deep troll (glowing shapeshifter)
   974 | D:4      | HP: 2/51 [deep troll (glowing shapeshifter) (14)]
   975 | D:4      | a deep troll changed into a moth of wrath
   975 | D:4      | Noticed a moth of wrath (glowing shapeshifter)
   978 | D:4      | XOM: cleaving
   978 | D:4      | Demolished by a moth of wrath (glowing shapeshifter)

Illustrated notes

Levels and vault maps discovered:
D:1:      dpeg_arrival_fog, layout_basic, chequers_ecumenical_altar_lobes
D:2:      layout_basic, serial_shops, nicolae_shop_behind_doors
D:3:      layout_basic, gammafunk_temple_overflow_elements, old_standard_altar,
          elyvilon_altar_5
D:4:      layout_basic, cheibriados_altar_1, grunt_dithmenos_smoke,
          serial_curves, eino_curves_03, eino_curves_01, ldierk_geyser,
          grunt_decor_mini_mirrors, nicolae_goblin_pals, uniq_blork_the_orc

Skill      XL: |  1  2  3  4  5 |
---------------+----------------+-----
Long Blades    | 4 5 6 |  6.4
Armour         | 3 4 5 |  5.7
Fighting       | |  3.2
Dodging        | |  1.2

Action                     |  1- 3 |  4- 6 || total
---------------------------+-------+-------++-------
  Melee: Falchion          |    79 |    70 ||   149
         Punch             |       |     2 ||     2
  Evoke: Piece from Xom's  |       |     3 ||     3
         Wand              |       |     3 ||     3
    Use: Scroll            |     4 |       ||     4
 Armour: Leather armour    |    32 |    33 ||    65
  Dodge: Dodged            |    40 |    60 ||   100

Table legend: (Time is in decaauts)
 A = Elapsed time spent in this place.
 B = Non-inter-level travel time spent in this place.
 C = Inter-level travel time spent in this place.
 D = Time resting spent in this place.
 E = Time spent auto-exploring this place.
 F = Levels seen in this place.
 G = Mean time per level.
                   A        B        C        D        E       F      G
               +--------+--------+--------+--------+--------+-----+--------+
         Total |    989 |    942 |     47 |      0 |      0 |   4 |  247.2 |
       Dungeon |    989 |    942 |     47 |      0 |      0 |   4 |  247.2 |
               +--------+--------+--------+--------+--------+-----+--------+

Top non-repeatable levels by time:
     D:1: 429 daAuts
     D:3: 244 daAuts
     D:2: 232 daAuts
     D:4: 82 daAuts
